 Dungeon Crawl Stone Soup version 0.31-a0-167-g1c394c0614 (webtiles) character file.

Game seed: 17477531391728296989

43 qw the Shooter (level 3, -7/32 HPs)
             Began as a Naga Hunter on June 14, 2023.
             Mangled by Terence
             ... wielding a +0 flail of venom
              (11 damage)
             ... on level 2 of the Dungeon.
             The game lasted 00:00:26 (684 turns).

qw the Shooter (Naga Hunter)                         Turns: 684, Time: 00:00:27

Health: -7/32      AC:  0    Str: 13    XL:     3   Next: 58%
Magic:  3/3        EV: 14    Int:  9    God:
Gold:   83         SH:  0    Dex: 16    Spells: 2/2 levels left

rFire   . . .        Y - melded +0 shortbow
rCold   . . .        (shield currently unavailable)
rNeg    . . .        c - melded +0 leather armour
rPois   .            (helmet currently unavailable)
rElec   .            (cloak currently unavailable)
rCorr   .            (gloves currently unavailable)
SInv    +            (no barding)
Will    .....        (no amulet)
Stlth   ++           (ring currently unavailable)
HPRegen 0.25/turn    (ring currently unavailable)
MPRegen 0.08/turn

%: no passive effects
@: lethally poisoned (-7 -> -16), about to teleport, pig-form, very quick
A: fast, no casting, AC +1, small, see invisible, (deformed body), (poison
resistance), (slowness 2), spit poison 1, (naga tail 1)
a: Spit Poison


You were on level 2 of the Dungeon.
You were a filthy swine.
You visited 1 branch of the dungeon, and saw 2 of its levels.

You collected 83 gold pieces.


Innate Abilities, Weirdness & Mutations

You are a filthy swine.
You move quickly.
Your equipment is almost entirely melded.
You are incapable of wielding weapons or throwing items.
You cannot cast spells.
((Your serpentine skin is tough. (AC +1)))
You have supernaturally acute eyesight. (SInv)
((Armour fits poorly on your strangely shaped body.))
((Your system is resistant to poisons. (rPois)))
((You cover ground very slowly.))
You can spit poison.
((You have a snake-like lower body.))


   Skills:
 - Level 2.0 Fighting
 + Level 4.7 Ranged Weapons
 - Level 1.5 Dodging
 - Level 1.5 Stealth


You had 2 spell levels left.
You didn't know any spells.
Your spell library was empty.

Inventory:

Hand Weapons
 Y - a +0 shortbow (melded)
Armour
 c - a +0 leather armour (melded)
 i - the +2 ring mail of Skepticism {Will+}
   (You found it on level 2 of the Dungeon)

   Will:      It increases your willpower.
Jewellery
 a - a ring of wizardry
Scrolls
 g - a scroll of identify
Potions
 b - a potion of magic {unknown}
 d - a potion of haste {unknown}
 e - a potion of mutation {unknown}
 f - a potion of attraction {unknown}

Dungeon Overview and Level Annotations

Branches:
Dungeon (2/15)

Altars:
Ru

Annotations:
D:2 Terence


Message History

Terence the Incautious comes into view.
He is wielding a +0 flail of venom and carrying a wand of polymorph (2).
Terence shouts!
Enter note:
Enter note:
677 ||| INVOKING Spit Poison.
Aiming: Spit Poison (2% risk of failure)
Press: ? - help, Shift-Dir - straight line, f - Terence The splash of poison hits Terence.
Terence is poisoned.
Terence is lightly wounded.
You shoot an arrow. The arrow closely misses Terence.
Terence hits you with a +0 flail of venom!
You shoot an arrow.
The arrow hits Terence but does no damage.
Terence is lightly wounded.
Terence zaps a wand.
You resist with some effort.
You shoot an arrow. The arrow hits Terence.
Terence is moderately wounded.
Terence zaps a wand.
You turn into a filthy swine.
Your +0 shortbow melds into your body.
Your +0 leather armour melds into your body.
The now-empty wand crumbles to dust.
You hit Terence.
Terence is heavily wounded.
Terence closely misses you.
You barely miss Terence.
Terence is heavily wounded.
Terence hits you with a +0 flail of venom!
You are poisoned.
You closely miss Terence.
Terence is heavily wounded.
You have got your breath back.
You feel very sick.
Terence looks more healthy.
Terence hits you with a +0 flail of venom.
684 ||| READING scroll of teleportation.
As you read the scroll of teleportation, it crumbles to dust.
You feel strangely unstable.
You feel very sick.
Terence hits you with a +0 flail of venom!
You die...

####### #?..... .......
############## .......
#.............
......@####.############
.......h.(..#
........###### . #.......#
.. ##### .......#
######### .. ###....
.......###.......# ..
#......##........#.......#
..
#......###.####.#.......#
..
#P.%.%.##..###..........#
.. #...........#%......#
#.


You could see Terence.

Vanquished Creatures
  5 endoplasms
  5 giant cockroaches
  3 goblins
  3 hobgoblins (D:1)
  3 quokkas (D:1)
  4 ball pythons (D:1)
  5 bats
  10 frilled lizards
  3 kobolds
41 creatures vanquished.

Notes
Turn   | Place    | Note
-------+----------+-------------------------------------------
     0 | D:1      | qw the Naga Hunter began the quest for the Orb.
     0 | D:1      | Reached XP level 1. HP: 19/19 MP: 1/1
     0 | D:1      | 0 ||| qw: Version: 0.2-a-29-g1fa15c8
     0 | D:1      | 0 ||| qw: Game counter: 5120
     0 | D:1      | 0 ||| qw: Always use a shield: true
     0 | D:1      | 0 ||| qw: God list: Okawaru
     0 | D:1      | 0 ||| qw: Allow faded altars: false
     0 | D:1      | 0 ||| qw: Do Orc after D:15 true
     0 | D:1      | 0 ||| qw: Do second Lair branch before Depths: true
     0 | D:1      | 0 ||| qw: Lair rune preference: random
     0 | D:1      | 0 ||| qw: Plans: Normal
     0 | D:1      | 0 ||| PLANNING D:1-11
    11 | D:1      | 11 ||| INVOKING Spit Poison.
    83 | D:1      | Reached skill level 4 in Ranged Weapons
    83 | D:1      | Reached XP level 2. HP: 26/26 MP: 2/2
    92 | D:1      | 92 ||| INVOKING Spit Poison.
    95 | D:1      | 95 ||| INVOKING Spit Poison.
   100 | D:1      | 100 ||| INVOKING Spit Poison.
   104 | D:1      | 104 ||| INVOKING Spit Poison.
   193 | D:1      | 193 ||| INVOKING Spit Poison.
   198 | D:1      | 198 ||| INVOKING Spit Poison.
   244 | D:1      | 244 ||| INVOKING Spit Poison.
   287 | D:1      | 287 ||| INVOKING Spit Poison.
   340 | D:1      | 340 ||| INVOKING Spit Poison.
   350 | D:1      | Reached XP level 3. HP: 32/32 MP: 3/3
   358 | D:1      | 358 ||| INVOKING Spit Poison.
   382 | D:1      | 382 ||| INVOKING Spit Poison.
   486 | D:1      | 486 ||| READING 2 scrolls labelled ZAGHIERULA.
   487 | D:1      | 487 ||| READING scroll labelled TAYWKU ANALI.
   490 | D:1      | 490 ||| READING scroll labelled RUSMEPS ECRUBLIAPS.
   491 | D:1      | 491 ||| READING scroll labelled ZEPLANO TUATYMM.
   492 | D:1      | 492 ||| DROPPING scroll of fear.
   493 | D:1      | 493 ||| DROPPING scroll of butterflies.
   507 | D:2      | 507 ||| INVOKING Spit Poison.
   512 | D:2      | 512 ||| INVOKING Spit Poison.
   518 | D:2      | 518 ||| INVOKING Spit Poison.
   523 | D:2      | 523 ||| INVOKING Spit Poison.
   535 | D:2      | 535 ||| INVOKING Spit Poison.
   546 | D:2      | 546 ||| INVOKING Spit Poison.
   550 | D:2      | 550 ||| INVOKING Spit Poison.
   564 | D:2      | Found a sacrificial altar of Ru.
   610 | D:2      | 610 ||| INVOKING Spit Poison.
   616 | D:2      | 616 ||| INVOKING Spit Poison.
   672 | D:2      | Identified the +2 ring mail of Skepticism {Will+}
   676 | D:2      | Noticed Terence
   677 | D:2      | 677 ||| INVOKING Spit Poison.
   683 | D:2      | HP: 7/32 [Terence/+0 flail of venom (6)]
   684 | D:2      | 684 ||| READING scroll of teleportation.
   684 | D:2      | Mangled by Terence

Levels and vault maps discovered:
D:1:      heliophobic_arrival_ceremonial_halls, layout_rooms
D:2:      layout_rooms, basic_altar, minmay_lizard_king, uniq_terence

Skill      XL: |  1 |
---------------+----+-----
Ranged Weapons | 4 |  4.7
Fighting       | |  2.0
Dodging        | |  1.5
Stealth        | |  1.5

Action                     || total
---------------------------++-------
  Melee: Unarmed           ||     3
   Fire: Shortbow          ||    81
Ability: Spit Poison       ||    22
    Use: Scroll            ||     5
 Armour: Leather armour    ||    18
  Dodge: Dodged            ||    20

Table legend:
 A = Non-vault XP
 B = Vault XP
 C = Vault XP percentage of total XP
 D = Non-vault monster count
 E = Vault monster count
 F = Vault count percentage of total count
                 A         B        C        D         E       F
            +---------+---------+-------+---------+---------+-------
      Total |      53 |       9 |  14.5 |      32 |       9 |  22.0
            +---------+---------+-------+---------+---------+-------
        D:1 |      38 |       0 |   0.0 |      23 |       0 |   0.0
        D:2 |      15 |       9 |  37.5 |       9 |       9 |  50.0
            +---------+---------+-------+---------+---------+-------
